 Dungeon Crawl Stone Soup version 0.31.0-12-g77e489cdc1 (webtiles) character file.

Game seed: 16300783704285110276

3691 sking99 the Cleaver (level 10, -7/89 HPs)
             Began as a Hill Orc Fighter on Feb 22, 2024.
             Was an Initiate of Beogh.
             Mangled by a yak (11 damage)
             ... on level 9 of the Dungeon.
             The game lasted 00:19:35 (9575 turns).

sking99 the Cleaver (Hill Orc Fighter)              Turns: 9575, Time: 00:19:36

Health: -7/89      AC: 15    Str: 22    XL:     10   Next: 13%
Magic:  12/12      EV:  8    Int:  8    God:    Beogh [......]
Gold:   433        SH:  6    Dex: 18    Spells: 9/9 levels left

rFire   . . .        a - +0 war axe
rCold   . . .        c - +0 buckler
rNeg    . . .        f - +0 chain mail
rPois   +            y - +0 helmet
rElec   .            (no cloak)
rCorr   .            i - +2 pair of gloves
SInv    .            (no boots)
Will    +....        (no amulet) Stlth
                     w - ring of the Tempest {Fire rPois Will+ Dex+6}
HPRegen 0.34/turn    z - ring of ice
MPRegen 0.13/turn

%: no passive effects
@: studying Axes
A: no striking features
a: Renounce Religion


You were on level 9 of the Dungeon.
You worshipped Beogh.
Beogh was noncommittal.
You visited 2 branches of the dungeon, and saw 10 of its levels.
You also visited: Sewer and Ossuary.

You collected 433 gold pieces.

Inventory:

Hand Weapons
 a - a +0 war axe (weapon)
Armour
 c - a +0 buckler (worn)
 f - a +0 chain mail (worn)
 i - a +2 pair of gloves (worn)
 y - a +0 helmet (worn)
Jewellery
 w - the ring of the Tempest (left hand) {Fire rPois Will+ Dex+6}
   (You found it on level 6 of the Dungeon)

   [ring of fire]

   Fire:      It enhances your fire magic.
   Dex+6:     It affects your dexterity (+6).
   rF+:       It protects you from fire.
   rC-:       It makes you vulnerable to cold.
   rPois:     It protects you from poison Will+: It increases your willpower.
 z - a ring of ice (right hand)
Wands
 h - a wand of mindburst (29)
 k - a wand of light (8)
 B - a wand of paralysis (6)
Scrolls
 b - 3 scrolls of enchant weapon
 e - 5 scrolls of enchant armour
 g - 7 scrolls of teleportation
 n - a scroll of identify
 o - 2 scrolls of revelation
 p - a scroll of vulnerability
 u - a scroll of fog
 v - 2 scrolls of blinking
Potions
 d - 3 potions of might
 j - 5 potions of cancellation
 l - 2 potions of brilliance
 m - 2 potions of curing
 q - 4 potions of enlightenment
 r - a potion of attraction
 s - 2 potions of berserk rage
 t - 3 potions of heal wounds
 x - a potion of resistance
 A - a potion of mutation {unknown}
 C - a potion of magic {unknown}


   Skills:
 + Level 8.3 Fighting
 * Level 12.6 Axes
 + Level 7.6 Armour
 + Level 7.6 Shields
 + Level 3.3 Invocations


You had 9 spell levels left.
You didn't know any spells.
Your spell library contained the following spells:

 Spells                   Type           Power      Damage    Failure   Level
 Kiss of Death            Conj/Necr      0%         2d5       95%         1
 Call Imp                 Summ           0%         N/A       99%         2
 Sublimation of Blood     Necr           0%         N/A       99%         2
 Confusing Touch          Hex            0%         N/A       100%        3
 Dispel Undead            Necr           0%         3d6       100%        4
 Ignite Poison            Fire/Alch      0%         N/A       100%        4
 Sticky Flame             Fire/Alch      0%         2d4       100%        4
 Summon Forest            Summ/Tloc      0%         N/A       100%        5
 Summon Mana Viper        Hex/Summ       0%         N/A       100%        5
 Summon Cactus Giant      Summ           0%         N/A       100%        6
 Summon Hydra             Summ           0%         N/A       100%        7
 Ignition                 Fire           0%         3d3       100%        8


Dungeon Overview and Level Annotations

Branches:
Dungeon (9/15)             Temple (1/1) D:7           Sewer (visited)
Ossuary (visited)
   Lair: D:8-11         Orc: D:9-12

Altars:
Ashenzari
Cheibriados
Dithmenos
Fedhas
Gozag
Hepliaklqana
Kikubaaqudgha
Nemelex Xobeh
Okawaru
Qazlal
Ru
Sif Muna
Trog
Uskayaw
Vehumet
Xom
Yredelemnul
The Shining One

Shops:
D:1 (=([   D:4 =   D:5 :   D:6 (

Annotations:
D:6 1 runed translucent door, nms23's ghost, novice DsCj


Message History

You slash the yak!
The yak is moderately wounded.
You slash the yak! The yak closely misses you.
You slash the yak!
The yak is severely wounded.
You hit the yak. You barely miss the yak. You slash the yak! You hit the yak.
The yak gores you but does no damage. The yak gores you. x2
The yak barely misses you. The yak gores you but does no damage.
You completely miss the yak.
The yak is heavily wounded.
You hit the yak but do no damage.
You slash the yak! x3; The yak gores you.
You block the yak's attack. The yak gores you but does no damage.
The yak gores you. The yak gores you but does no damage.
You hit the yak but do no damage.
The yak is severely wounded.
You hit the yak but do no damage. You hit the yak. You slash the yak!
You hit the yak. You barely miss the yak. You block the yak's attack. x2
The yak gores you! The yak barely misses you. x2
You are too injured to fight recklessly!
You are too injured to fight recklessly!
You are too injured to fight recklessly!
Unknown command.
You are too injured to fight recklessly!
The yak gores you. You block the yak's attack. The yak gores you!
You block the yak's attack. The yak gores you.
* * * LOW HITPOINT WARNING * * *
The yak gores you.
* * * LOW HITPOINT WARNING * * *
The yak gores you!
* * * LOW HITPOINT WARNING * * *
You block the yak's attack. The yak gores you but does no damage.
You block the yak's attack. The yak gores you but does no damage.
The yak closely misses you. The yak gores you.
* * * LOW HITPOINT WARNING * * *
The yak gores you!
* * * LOW HITPOINT WARNING * * *
The yak gores you but does no damage. The yak barely misses you.
The yak gores you but does no damage. x3; You block the yak's attack.
The yak gores you!
You die...

#..≈§≈≈≈..
#..≈≈_≈§..........
#..≈≈.≈≈.........
######.§§≈.§§§.......
........§≈.§≈.......#
........≈...≈.......#
........≈.8.≈...Y...#
...............YYY..#
...............Y@YY.#
...............YYY..#
######..............#
#.................
#.................#
#.................#
#.............$.###
#.....######....#
#.....# ....#


You could see 10 yaks.

Vanquished Creatures
  4 yaks (D:8)
  A steam dragon (D:8)
  2 water moccasins
  2 black bears
  An orc warrior (D:9)
  An ogre (D:5)
  2 centaurs
  A weeping skull (Ossuary)
  3 kobold brigands
  3 bullfrogs
  2 brain worms (Sewer)
  A water moccasin zombie (Ossuary)
  5 scorpions
  4 wights (D:5)
  2 howler monkeys (D:9)
  A bombardier beetle (D:4)
  2 gnoll boudas
  2 hounds (D:5)
  A spectral scorpion (Ossuary)
  3 orc priests
  7 iguanas
  A jelly (D:5)
  4 orc wizards
  A crocodile zombie (Ossuary)
  2 mummies (Ossuary)
  11 gnolls
  7 adders
  5 river rats (Sewer)
  A white imp (D:6)
  7 adder zombies (Ossuary)
  5 ribbon worms
  2 dart slugs
  29 orcs
  10 ball pythons
  5 endoplasms
  4 giant cockroaches
  6 goblins
  4 hobgoblins
  A jackal (Sewer)
  15 kobolds
  6 quokkas
  7 bats
  5 frilled lizards
  9 gnoll zombies (Ossuary)
  4 jackal zombies (Ossuary)
  6 orc zombies (Ossuary)
  11 rats
218 creatures vanquished.

Notes
Turn   | Place    | Note
-------+----------+-------------------------------------------
     0 | D:1      | sking99 the Hill Orc Fighter began the quest for the Orb.
     0 | D:1      | Reached XP level 1. HP: 19/19 MP: 1/1
    31 | D:1      | Found Megy's Antique Weapon Boutique.
   215 | D:1      | Reached skill level 3 in Axes
   224 | D:1      | Reached XP level 2. HP: 10/27 MP: 2/2
   367 | D:1      | Found Dokliadu's Antique Weapon Emporium.
   447 | D:1      | Found Haohelit's Jewellery Boutique.
   636 | D:1      | Found Qotil's Armour Boutique.
   861 | D:2      | Reached XP level 3. HP: 33/33 MP: 3/3
  1261 | D:2      | Reached skill level 4 in Axes
  1268 | D:2      | Reached XP level 4. HP: 40/40 MP: 4/4
  1989 | D:3      | Found a bloodstained altar of Trog.
  2474 | D:4      | Reached XP level 5. HP: 32/47 MP: 5/5
  2527 | D:4      | Found Kaorett's Jewellery Shop.
  2598 | D:4      | Reached skill level 5 in Axes
  2652 | D:4      | Found a sand-covered staircase.
  2658 | Ossuary  | Entered an ossuary
  2683 | Ossuary  | Reached XP level 6. HP: 49/55 MP: 6/6
  2756 | Ossuary  | Reached skill level 5 in Fighting
  2779 | Ossuary  | Reached skill level 6 in Axes
  2839 | Ossuary  | Reached XP level 7. HP: 40/61 MP: 7/7
  2902 | D:4      | Found a glowing drain.
  2912 | Sewer    | Entered a sewer
  3083 | Sewer    | Reached skill level 5 in Shields
  3159 | Sewer    | Reached skill level 5 in Armour
  3340 | Sewer    | Reached skill level 7 in Axes
  3743 | D:4      | Reached XP level 8. HP: 64/70 MP: 8/8
  4314 | D:5      | Entered Level 5 of the Dungeon
  4325 | D:5      | Reached skill level 8 in Axes
  4702 | D:5      | Found a broken altar of Ashenzari.
  5065 | D:5      | Found a shimmering blue altar of Sif Muna.
  5087 | D:5      | Reached skill level 9 in Axes
  5121 | D:5      | Found Nyityabi's Self-Published Books.
  5420 | D:5      | Found a shimmering altar of Xom.
  5675 | D:6      | Reached XP level 9. HP: 75/78 MP: 9/9
  5906 | D:6      | Identified the +1 leather armour of the Dice {rCorr}
  5928 | D:6      | Reached skill level 10 in Axes
  6051 | D:6      | Found the +8 trident of the Octopus King {venom, rElec
                  | rPois}
  6067 | D:6      | Identified the ring of the Tempest {Fire rPois Will+ Dex+6}
  6102 | D:6      | Became a worshipper of Beogh the Brigand
  6255 | D:6      | Found a runed translucent door.
  6256 | D:6      | Noticed nms23's ghost (novice DsCj)
  6260 | D:6      | Found Fosog's Antique Weapon Emporium.
  6776 | D:7      | Found a staircase to the Ecumenical Temple.
  6793 | Temple   | Entered the Ecumenical Temple
  8012 | D:8      | Reached skill level 1 in Invocations
  8343 | D:8      | Found an opulent altar of Gozag.
  8347 | D:8      | Reached skill level 11 in Axes
  8363 | D:8      | Reached skill level 12 in Axes
  8363 | D:8      | Reached XP level 10. HP: 8/88 MP: 10/12
  9536 | D:9      | Found a blossoming altar of Fedhas.
  9574 | D:9      | HP: 4/89 [yak (7)]
  9575 | D:9      | Mangled by a yak

Illustrated notes

Levels and vault maps discovered:
D:1:      evilmike_arrival_plus, layout_loops_ring, serial_shops, shop,
          nicolae_shop_peninsula, nicolae_shop_peninsula, shop_fountains,
          st_stairs_14
D:2:      layout_loops_cross, grunt_decor_cap
D:3:      layout_loops_ring, lemuel_doored_altar
D:4:      layout_basic, serial_shops, shop, nicolae_ossuary_entry_plus,
          cheibrodos_sewer_entry_sluice
D:5:      layout_loops_ring, nicolae_overflow_hidden_temple,
          kennysheep_mini_moat, ashenzari_conservatory_becter,
          nicolae_custom_books, cheibrodos_gnoll_hut
D:6:      layout_basic, serial_shops, nicolae_shop_tiny_glass,
          gammafunk_ghost_grave, minmay_starry_boxes
D:7:      layout_layer_cave, minmay_temple_entry_overgrown
D:8:      layout_layer_cave, nicolae_gozag_cash_rules_everything_around_me,
          serial_library_hellmonk_small_alcove
D:9:      layout_irregular_city, mainiacjoe_overflow_tiny_flanked,
          mainiacjoe_overflow_catwalk
Temple:   hellmonk_temple_flake

Skill      XL: |  1  2  3  4  5  6  7  8  9 10 |
---------------+-------------------------------+-----
Axes           | 3 4 5 6 7 9 12 | 12.6
Fighting       | 4 5 6 8 |  8.3
Shields        | 4 5 6 7 |  7.6
Armour         | 4 5 6 7 |  7.6
Invocations    | 2 3 |  3.3

Action                     |  1- 3 |  4- 6 |  7- 9 | 10-12 || total
---------------------------+-------+-------+-------+-------++-------
  Melee: War axe           |    85 |   235 |   400 |    55 ||   775
 Invoke: Convert to Beogh  |       |       |     1 |       ||     1
    Use: Scroll            |       |     4 |    16 |       ||    20
 Armour: Scale mail        |    54 |       |       |       ||    54
         Chain mail        |       |   189 |   337 |    64 ||   590
  Dodge: Dodged            |    38 |    77 |   146 |    21 ||   282
  Block: Buckler           |    14 |    53 |   106 |    19 ||   192
